 Dungeon Crawl Stone Soup version 0.30.1-1-g62c8e00024 (webtiles) character file.

Game seed: 4474668770772906266

435 Pepete the Thaumaturge (level 6, 0/32 HPs)
             Began as a Deep Elf Fire Elementalist on July 15, 2023.
             Slain by a human zombie (6 damage)
             ... in an ossuary.
             The game lasted 00:07:07 (7103 turns).

Pepete the Thaumaturge (Deep Elf Fire Elementalist) Turns: 7103, Time: 00:07:08

Health: 0/32       AC:  2    Str:  5    XL:     6   Next: 68%
Magic:  15/29      EV: 12    Int: 22    God:
Gold:   200        SH:  0    Dex: 15    Spells: 21/24 levels left

rFire   . . .        (no weapon)
rCold   . . .        (no shield)
rNeg    + . .        k - +0 robe
rPois   .            (no helmet)
rElec   .            (no cloak)
rCorr   .            (no gloves)
SInv    .            (no boots)
Will    .....        (no amulet)
Stlth   ++           l - ring of positive energy
HPRegen 0.00/turn    m - ring of magical power
MPRegen 0.21/turn

%: no passive effects
@: very slightly contaminated, inhibited regen
A: inhibited regeneration
a: no special abilities


You were in an ossuary.
You visited 1 branch of the dungeon, and saw 4 of its levels.
You also visited: Ossuary.

You collected 200 gold pieces.

Inventory:

Armour
 c - a +0 robe
 g - an orb of energy
 k - a +0 robe (worn)
Jewellery
 l - a ring of positive energy (left hand)
 m - a ring of magical power (right hand)
Scrolls
 a - a scroll of immolation
 h - a scroll of identify
 i - a scroll of blinking
 j - a scroll of enchant weapon
Potions
 f - a potion of cancellation


   Skills:
 - Level 2.4 Dodging
 - Level 2.4 Stealth
 + Level 9.6 Spellcasting
 - Level 1.1 Conjurations
 - Level 3.2 Fire Magic


You had 21 spell levels left.
You knew the following spells:

 Your Spells              Type           Power      Damage    Failure   Level
a - Foxfire               Conj/Fire      80%        2x1d8     2%          1
b - Scorch                Fire           50%        2d7       2%          2

Your spell library contained the following spells:

 Spells                   Type           Power      Damage    Failure   Level
 Inner Flame              Hex/Fire       17%        N/A       10%         3
 Volatile Blastmotes      Fire/Tloc      34%        2d12      10%         3
 Flame Wave               Conj/Fire      20%        2d7       26%         4


Dungeon Overview and Level Annotations

Branches:
Dungeon (4/15)            Ossuary (1/1)
 Temple: D:4-7

Altars:
Elyvilon


Innate Abilities, Weirdness & Mutations

You do not regenerate when monsters are visible.


Message History

You miscast Scorch.
You are very lightly contaminated with residual magic.
Nothing appears to happen.
Unknown command.
You conjure some foxfire!
The human zombie hits you! The human zombie hits you.
Casting: Foxfire (safe; 2% risk of failure)
Confirm with . or Enter, or press ? or * to list all spells.
Flames lash the human zombie.
The human zombie is moderately damaged.
The human zombie's fire resistance burns away.
The foxfire hits the human zombie!
The human zombie is burned terribly!
The human zombie is severely damaged.
The foxfire hits the human zombie!
The human zombie is burned terribly!
The human zombie is severely damaged.
The human zombie hits you. x2
You are too injured to fight recklessly!
Casting: Scorch (safe; 2% risk of failure)
Confirm with . or Enter, or press ? or * to list all spells.
Flames lash the human zombie.
The human zombie is burned terribly!
You destroy the human zombie!
The human zombie hits you.
Unknown command.
You are too injured to fight recklessly!
Casting: Scorch (safe; 2% risk of failure)
Confirm with . or Enter, or press ? or * to list all spells.
You conjure some foxfire!
The human zombie hits you.
* * * LOW HITPOINT WARNING * * *
Unknown command.
Casting: Foxfire (safe; 2% risk of failure)
Confirm with . or Enter, or press ? or * to list all spells.
Flames lash the human zombie.
The human zombie is burned terribly!
The human zombie is heavily damaged.
The foxfire hits the human zombie.
The human zombie is burned terribly!
The human zombie is severely damaged.
The foxfire hits the human zombie!
The human zombie is burned terribly!
The human zombie is almost destroyed.
Casting: Scorch (safe; 2% risk of failure)
Confirm with . or Enter, or press ? or * to list all spells.
You conjure some foxfire!
The human zombie hits you.
You die...

#.# #'#
###.###
##.....##
#.......#
##...∩...##
+...∩∩∩...+
##...∩.Z.##
#.....v@#
##....v##
###.### #+#


You could see a human zombie (combustible, ally target).

Vanquished Creatures
  A water moccasin (D:3)
  2 centaur zombies (Ossuary)
  A human zombie (Ossuary)
  2 orc priests (D:3)
  An iguana (D:4)
  An orc wizard (D:3)
  A mummy (Ossuary)
  4 adders
  An adder skeleton (D:3)
  A worm (D:2)
  2 dart slugs
  4 orcs (D:3)
  5 ball pythons
  5 bats
  6 endoplasms
  4 giant cockroaches
  9 goblins
  8 hobgoblins
  3 jackals (D:3)
  A quokka (D:2)
  A ball python skeleton (D:3)
  2 frilled lizards (D:1)
  5 kobolds
  A quokka zombie (D:3)
  3 rats (D:1)
74 creatures vanquished.

Vanquished Creatures (collateral kills)
  A foxfire (D:3)
1 creature vanquished.

Vanquished Creatures (others)
  295 foxfires
295 creatures vanquished.

Grand Total: 370 creatures vanquished

Notes
Turn   | Place    | Note
-------+----------+-------------------------------------------
     0 | D:1      | Pepete the Deep Elf Fire Elementalist began the quest for
                  | the Orb.
     0 | D:1      | Reached XP level 1. HP: 10/10 MP: 6/6
   834 | D:1      | Reached skill level 4 in Spellcasting
   834 | D:1      | Reached XP level 2. HP: 15/15 MP: 3/9
   839 | D:1      | Learned a level 2 spell: Scorch
  2945 | D:2      | Found Nueptan's Antique Weapon Emporium.
  2964 | D:2      | Reached XP level 3. HP: 16/19 MP: 7/11
  3033 | D:2      | Reached skill level 5 in Spellcasting
  4896 | D:3      | Reached XP level 4. HP: 24/24 MP: 13/13
  5161 | D:3      | Reached skill level 6 in Spellcasting
  5301 | D:3      | Gained mutation: You do not regenerate when monsters are
                  | visible. [potion of mutation]
  5307 | D:3      | Reached skill level 7 in Spellcasting
  5313 | D:3      | Reached XP level 5. HP: 21/28 MP: 16/16
  5766 | D:3      | Found a white marble altar of Elyvilon.
  6275 | D:3      | Noticed a water moccasin
  6280 | D:3      | Killed a water moccasin
  6281 | D:3      | Reached skill level 8 in Spellcasting
  6281 | D:3      | Reached XP level 6. HP: 21/32 MP: 19/19
  7048 | D:4      | Found a sand-covered staircase.
  7056 | Ossuary  | Entered an ossuary
  7083 | Ossuary  | Reached skill level 9 in Spellcasting
  7103 | Ossuary  | Slain by a human zombie

Illustrated notes

Levels and vault maps discovered:
D:1:      ebering_trefoil_3fold, layout_basic
D:2:      layout_basic, serial_shops, nicolae_shop_behind_doors, st_stairs_7
D:3:      layout_loops_ring, elyvilon_altar_5, serial_undead, serial_undead_c,
          serial_undead_b, serial_undead_c, serial_undead_b, serial_undead_e,
          serial_undead_e, serial_undead_b, st_stairs_4
D:4:      minmay_general_purpose_star, layout_basic,
          nicolae_overflow_quartered_altars, chequers_ossuary_entry_cave,
          uniq_ijyb, uniq_grinder
Ossuary:  ossuary_minmay_four_chambers

Skill      XL: |  1  2  3  4  5  6 |
---------------+-------------------+-----
Spellcasting   | 4 5 7 8 9 |  9.6
Dodging        | |  2.4
Stealth        | |  2.4
Conjurations   | |  1.1
Fire Magic     | |  3.2

Action                     |  1- 3 |  4- 6 || total
---------------------------+-------+-------++-------
   Cast: Foxfire           |   125 |    77 ||   202
         Scorch            |    10 |    36 ||    46
    Use: Potion            |       |     7 ||     7
         Scroll            |       |     8 ||     8
 Armour: Robe              |     3 |    11 ||    14
  Dodge: Dodged            |    11 |    30 ||    41
